Avalanche vs Blues (R3)

Created - May 29, 2019 at 21:03

Goals
1 2 3 OT1 T
Avalanche 0 1 3 0 4
Blues 2 1 1 1 5
Shots
1 2 3 OT1 T
Avalanche 8 16 10 1 35
Blues 10 6 11 10 37

1st period

1. Blues , Jordan Eberle 8 (Alex Pietrangelo 16, Jake Gardiner 8) at 1:31
2. Blues , Jordan Eberle 9 (Alex Pietrangelo 17, Nicklas Backstrom 14) at 6:47 (PP)

Penalties :
Dan Boyle (Col) for High sticking (Minor) at 6:40, Sam Gagner (STL) for Roughing (Minor) at 7:22, Patric Hornqvist (Col) for Holding (Minor) at 16:36

2nd period

3. Blues , David Perron 5 (Alex Pietrangelo 18, Travis Zajac 3) at 7:12
4. Avalanche , Damien Brunner 5 (Andrew Ladd 4, Maxim Talbot 3) at 19:32

Penalties :
Jordan Eberle (STL) for Hooking (Minor) at 1:58, Dan Boyle (Col) for Holding (Minor) at 8:29, Yann Sauvé (STL) for Tripping (Minor) at 15:12

3rd period

5. Avalanche , Mikkel Boedker 12 (Erik Karlsson 6, Bryan Little 13) at 7:21 (PP)
6. Avalanche , Maxim Talbot 3 (Dan Boyle 3) at 9:47
7. Blues , Nicklas Backstrom 6 (Yann Sauvé 1, Jake Gardiner 9) at 17:18
8. Avalanche , Alexander Radulov 5 (Andrei Kostitsyn 5, Paul Stastny 9) at 19:31 (PP)

Penalties :
Alexander Radulov (Col) for Tripping (Minor) at 3:55, Sam Gagner (STL) for Boarding (Minor) at 7:03, Maxim Talbot (Col) for Hooking (Minor) at 13:15, Sam Gagner (STL) for Hooking (Minor) at 18:44

Overtime #1

9. Blues , Jordan Eberle 10 (Nicklas Backstrom 15) at 10:08

Penalties :
Maxim Talbot (Col) for Holding (Minor) at 0:56, Filip Forsberg (STL) for Hooking (Minor) at 4:26, Erik Karlsson (Col) for Hooking (Minor) at 7:52

Goalie Stats

Semyon Varlamov (Col), 32 saves from 37 shots - (0.865), OTL, 8-3-1, 69:22 minutes
Carey Price (STL), 31 saves from 35 shots - (0.886), W, 8-2-0, 70:08 minutes

Players Stats for Avalanche

Player Name              G  A  P  +/- PIM S  H  SB GA TA FO     MP     PP MP  PK MP  
------------------------------------------------------------------------------------
Alexander Radulov        1  0  1   0  2   1  2  0  0  0  0/2    16:51   3:38   0:00 
Andrei Kostitsyn         0  1  1   0  0   3  3  0  0  0  0/0    17:24   3:38   1:38 
Andrew Ladd              0  1  1   1  0   3  4  1  0  0  5/10   19:53   0:05   5:27 
Bryan Little             0  1  1  -3  0   2  4  0  0  0  10/29  25:20   5:18   4:28 
Chuck Kobasew            0  0  0  -1  0   0  0  0  0  0  0/0    14:16   0:05   6:33 
Damien Brunner           1  0  1   2  0   2  0  0  1  0  0/0    15:10   0:00   1:51 
Dan Boyle                0  1  1  -1  4   1  1  3  1  0  0/0    21:15   3:28   1:14 
Erik Karlsson            0  1  1  -2  2   1  0  1  0  1  0/0    24:46   5:33   0:16 
Jack Johnson             0  0  0  -2  0   1  2  2  1  0  0/0    28:19   5:33   7:07 
Johnny Boychuk           0  0  0  -1  0   0  0  2  1  1  0/0    19:21   0:00   5:22 
Kyle Turris              0  0  0   0  0   0  0  0  0  0  1/2     8:15   0:00   1:25 
Marc Staal               0  0  0   1  0   2  0  2  0  0  0/0    21:35   2:14   3:59 
Maxim Talbot             1  1  2   2  4   3  1  0  1  0  3/8    16:25   0:00   2:12 
Mikkel Boedker           1  0  1  -3  0   11 0  0  0  1  2/3    20:35   5:18   0:00 
Patric Hornqvist         0  0  0  -3  2   2  2  0  0  0  1/2    20:35   5:18   0:00 
Paul Stastny             0  1  1   0  0   1  4  0  1  0  3/13   16:03   3:38   0:14 
Pernell Karl Subban      0  0  0   0  0   1  2  2  0  1  0/0    25:04   1:14   6:04 
Ville Leino              0  0  0   0  0   1  0  0  0  0  0/0     7:25   0:05   0:14 

Players Stats for Blues

Player Name              G  A  P  +/- PIM S  H  SB GA TA FO     MP     PP MP  PK MP  
------------------------------------------------------------------------------------
Alex Pietrangelo         0  3  3   2  0   8  2  0  0  0  0/0    32:20   7:15   5:29 
Brandon Yip              0  0  0   0  0   1  1  0  0  0  0/0    10:47   0:51   0:00 
Bryce Lampman            0  0  0   1  0   2  3  0  0  3  0/0    28:31   4:46   5:47 
Cody Ceci                0  0  0  -1  0   0  1  0  0  0  0/0    12:25   0:00   0:50 
David Perron             1  0  1   2  0   5  3  1  1  0  0/1    19:51   6:12   0:02 
Filip Forsberg           0  0  0  -1  2   0  1  0  0  0  0/0    16:11   4:37   0:00 
Jake Gardiner            0  2  2   2  0   2  3  2  0  0  0/0    31:48   7:15   3:11 
Jamie Benn               0  0  0   1  0   0  2  2  1  0  0/1    16:50   0:40   1:40 
Jordan Eberle            3  0  3   2  2   6  5  0  0  1  1/2    25:53   6:21   4:04 
Maxim Lapierre           0  0  0   0  0   1  0  0  0  0  3/4    10:53   0:32   1:46 
Nick Leddy               0  0  0   0  0   0  0  1  0  0  0/0    16:07   4:40   0:21 
Nicklas Backstrom        1  2  3   2  0   4  1  0  2  0  23/35  21:39   6:19   0:20 
Patrick Kaleta           0  0  0  -1  0   0  5  1  0  0  2/2    15:37   0:00   3:21 
Sam Gagner               0  0  0  -1  6   3  1  0  0  1  3/4    17:39   4:37   0:57 
Sergei Shirokov          0  0  0   1  0   3  3  0  0  1  2/2    18:09   5:21   0:00 
Ted Purcell              0  0  0   0  0   1  1  0  0  0  0/0     9:10   0:00   0:00 
Travis Zajac             0  1  1   1  0   1  3  1  0  0  10/18  19:52   0:33   5:52 
Yann Sauvé               0  1  1   0  2   0  2  0  0  0  0/0    17:51   0:06   2:24 

3 Stars

1 - Jordan Eberle (STL)
2 - Nicklas Backstrom (STL)
3 - Alex Pietrangelo (STL)

Power Play

Avalanche - 2 on 6 Attempt(s) - 33.33%
Blues - 1 on 7 Attempt(s) - 14.29%

Penalty Kill

Avalanche - 6 on 7 Attempt(s) - 85.71% - Score 0 goal in Penalty Kill
Blues - 4 on 6 Attempt(s) - 66.67% - Score 0 goal in Penalty Kill

Team Stat

Avalanche - Hits : 25 - Faceoff Wins : 25 - Blocked Shots : 13 - Penalty Minutes : 14
Blues - Hits : 37 - Faceoff Wins : 44 - Blocked Shots : 8 - Penalty Minutes : 12

Official

Referees : Unknown
Linesman : Unknown

Game Notes

Marc Staal is injured at 16:42 of 3rd period (Left Leg)
Jordan Eberle has scored a Hat Trick!

Finance

Level 1 -- Attendance: 6000 (100.00%) -- Ticket Income $534,000
Level 2 -- Attendance: 5000 (100.00%) -- Ticket Income $285,000
Level 3 -- Attendance: 2000 (100.00%) -- Ticket Income $70,000
Level 4 -- Attendance: 4000 (100.00%) -- Ticket Income $96,000
Luxury Box -- Attendance: 1000 (100.00%) -- Ticket Income $174,000
Game was played at the Scotttrade center.
Total Attendance: 18000 (100.00%)
Total Ticket Income: $1,159,000
Other Income: $173,850
Total Income: $1,332,850

Avalanche

5 vs 5 Forward 
   Center                   Left Wing                Right Wing               Time % Phy DF OF 
 1 Bryan Little             Mikkel Boedker           Patric Hornqvist         35     1   2  2  
 2 Paul Stastny             Andrei Kostitsyn         Alexander Radulov        30     1   2  2  
 3 Maxim Talbot             Andrew Ladd              Damien Brunner           25     1   2  2  
 4 Kyle Turris              Ville Leino              Chuck Kobasew            10     1   2  2  

5 vs 5 Defense 
   Defense                  Defense                                           Time % Phy DF OF 
 1 Erik Karlsson            Jack Johnson                                      35     1   2  2  
 2 Marc Staal               Pernell Karl Subban                               35     1   2  2  
 3 Johnny Boychuk           Dan Boyle                                         30     1   2  2  
 4 Marc Staal               Pernell Karl Subban                               0      1   2  2  

PowerPlay Forward 
   Center                   Left Wing                Right Wing               Time % Phy DF OF 
 1 Bryan Little             Mikkel Boedker           Patric Hornqvist         60     1   2  2  
 2 Paul Stastny             Andrei Kostitsyn         Alexander Radulov        40     1   2  2  

PowerPlay Defense
   Defense                  Defense                                           Time % Phy DF OF 
 1 Erik Karlsson            Jack Johnson                                      60     1   2  2  
 2 Dan Boyle                Marc Staal                                        40     1   2  2  

Penalty Kill 4 Players Forward 
   Center                   Wing                     Time % Phy DF OF 
 1 Andrew Ladd              Chuck Kobasew            60     1   2  2  
 2 Bryan Little             Maxim Talbot             40     1   2  2  

Penalty Kill 4 Players Defense
   Defense                  Defense                  Time % Phy DF OF 
 1 Pernell Karl Subban      Marc Staal               60     1   2  2  
 2 Jack Johnson             Johnny Boychuk           40     1   2  2  

Penalty Kill - 3 Players Forward 
   Forward                                           Time % Phy DF OF 
 1 Chuck Kobasew                                     60     1   2  2  
 2 Andrew Ladd                                       40     1   2  2  

Penalty Kill - 3 Players Defense
   Defense                  Defense                  Time % Phy DF OF 
 1 Marc Staal               Pernell Karl Subban      60     1   2  2  
 2 Jack Johnson             Johnny Boychuk           40     1   2  2  

4 vs 4 Forward 
   Center                   Wing                     Time % Phy DF OF 
 1 Bryan Little             Mikkel Boedker           60     1   2  2  
 2 Paul Stastny             Andrei Kostitsyn         40     1   2  2  

4 vs 4 Defense
   Defense                  Defense                  Time % Phy DF OF 
 1 Marc Staal               Pernell Karl Subban      60     1   2  2  
 2 Jack Johnson             Erik Karlsson            40     1   2  2  

Last Minutes Offensive
   Center                   Left Wing                Right Wing               Defense                  Defense                  
   Bryan Little             Mikkel Boedker           Alexander Radulov        Erik Karlsson            Jack Johnson             

Last Minutes Defensive
   Center                   Left Wing                Right Wing               Defense                  Defense                  
   Bryan Little             Andrew Ladd              Chuck Kobasew            Marc Staal               Jack Johnson             

Goaltenders
Starting : Semyon Varlamov          
Backup : Roberto Luongo           

Extra Forwards
Normal : Andrew Ladd, Alexander Radulov, Andrei Kostitsyn - PP : Andrew Ladd, Alexander Radulov - PK : Damien Brunner
Extra Defensemen
Normal : Marc Staal, Erik Karlsson, Pernell Karl Subban - PP : Pernell Karl Subban - PK : Jack Johnson, Pernell Karl Subban
Penalty Shots
Mikkel Boedker, Andrew Ladd, Paul Stastny, Bryan Little, Andrei Kostitsyn

Scratches
Mattias Ekholm (Healthy)

Blues

5 vs 5 Forward 
   Center                   Left Wing                Right Wing               Time % Phy DF OF 
 1 Nicklas Backstrom        Jamie Benn               Jordan Eberle            40     1   2  2  
 2 Travis Zajac             David Perron             Sergei Shirokov          30     1   2  2  
 3 Sam Gagner               Filip Forsberg           Patrick Kaleta           20     1   2  2  
 4 Maxim Lapierre           Ted Purcell              Brandon Yip              10     1   2  2  

5 vs 5 Defense 
   Defense                  Defense                                           Time % Phy DF OF 
 1 Alex Pietrangelo         Jake Gardiner                                     40     1   2  2  
 2 Bryce Lampman            Yann Sauvé                                        30     1   2  2  
 3 Nick Leddy               Cody Ceci                                         20     1   2  2  
 4 Jake Gardiner            Bryce Lampman                                     10     1   2  2  

PowerPlay Forward 
   Center                   Left Wing                Right Wing               Time % Phy DF OF 
 1 Nicklas Backstrom        David Perron             Jordan Eberle            60     1   2  2  
 2 Sam Gagner               Filip Forsberg           Sergei Shirokov          40     1   2  2  

PowerPlay Defense
   Defense                  Defense                                           Time % Phy DF OF 
 1 Alex Pietrangelo         Jake Gardiner                                     60     1   2  2  
 2 Nick Leddy               Bryce Lampman                                     40     1   2  2  

Penalty Kill 4 Players Forward 
   Center                   Wing                     Time % Phy DF OF 
 1 Travis Zajac             Jordan Eberle            60     1   2  2  
 2 Maxim Lapierre           Patrick Kaleta           40     1   2  2  

Penalty Kill 4 Players Defense
   Defense                  Defense                  Time % Phy DF OF 
 1 Alex Pietrangelo         Bryce Lampman            60     1   2  2  
 2 Jake Gardiner            Yann Sauvé               40     1   2  2  

Penalty Kill - 3 Players Forward 
   Forward                                           Time % Phy DF OF 
 1 Maxim Lapierre                                    60     1   2  2  
 2 Travis Zajac                                      40     1   2  2  

Penalty Kill - 3 Players Defense
   Defense                  Defense                  Time % Phy DF OF 
 1 Alex Pietrangelo         Bryce Lampman            60     1   2  2  
 2 Jake Gardiner            Yann Sauvé               40     1   2  2  

4 vs 4 Forward 
   Center                   Wing                     Time % Phy DF OF 
 1 Nicklas Backstrom        David Perron             60     1   2  2  
 2 Travis Zajac             Jordan Eberle            40     1   2  2  

4 vs 4 Defense
   Defense                  Defense                  Time % Phy DF OF 
 1 Alex Pietrangelo         Bryce Lampman            60     1   2  2  
 2 Jake Gardiner            Yann Sauvé               40     1   2  2  

Last Minutes Offensive
   Center                   Left Wing                Right Wing               Defense                  Defense                  
   Nicklas Backstrom        David Perron             Jordan Eberle            Alex Pietrangelo         Jake Gardiner            

Last Minutes Defensive
   Center                   Left Wing                Right Wing               Defense                  Defense                  
   Travis Zajac             Ted Purcell              Jordan Eberle            Yann Sauvé               Bryce Lampman            

Goaltenders
Starting : Carey Price              
Backup : Ray Emery                

Extra Forwards
Normal : Sam Gagner, Brandon Yip, Patrick Kaleta - PP : Travis Zajac, Brandon Yip - PK : Patrick Kaleta
Extra Defensemen
Normal : Nick Leddy, Cody Ceci, Jake Gardiner - PP : Nick Leddy - PK : Cody Ceci, Jake Gardiner
Penalty Shots
David Perron, Ted Purcell, Jordan Eberle, Nicklas Backstrom, Jamie Benn

Scratches
Matthew Spiller (Healthy)

% Time on Ice - Avalanche

Lines # - Real PCT - Wanted PCT - Time Play
Normal Forward
1 - 33% - 35% - 16:17
2 - 26% - 30% - 12:41
3 - 27% - 25% - 13:19
4 - 14% - 10% - 6:49
Normal Defense
1 - 37% - 35% - 18:07
2 - 37% - 35% - 18:04
3 - 26% - 30% - 12:55
4 - 0% - 0% - 0:00
PP Forward
1 - 60% - 60% - 5:23
2 - 40% - 40% - 3:38
PP Defense
1 - 62% - 60% - 5:33
2 - 38% - 40% - 3:28
PK Forward
1 - 69% - 60% - 8:19
2 - 31% - 40% - 3:42
PK Defense
1 - 58% - 60% - 6:55
2 - 42% - 40% - 5:06
PK3 Forward
1 - 0% - 60%
2 - 0% - 40%
PK3 Defense
1 - 0% - 60%
2 - 0% - 40%
44 Forward
1 - 0% - 60%
2 - 0% - 40%
44 Defense
1 - 0% - 60%
2 - 0% - 40%
Last Minute Offensive  - 0:00
Last Minute Defensive  - 0:00
Total
Forward - 70:08
Defense - 70:08

% Time on Ice - Blues

Lines # - Real PCT - Wanted PCT - Time Play
Normal Forward
1 - 32% - 40% - 15:30
2 - 28% - 30% - 13:37
3 - 23% - 20% - 11:24
4 - 17% - 10% - 8:35
Normal Defense
1 - 41% - 40% - 20:18
2 - 32% - 30% - 15:57
3 - 21% - 20% - 10:21
4 - 5% - 10% - 2:30
PP Forward
1 - 62% - 60% - 7:24
2 - 38% - 40% - 4:37
PP Defense
1 - 60% - 60% - 7:15
2 - 40% - 40% - 4:46
PK Forward
1 - 80% - 60% - 7:15
2 - 20% - 40% - 1:46
PK Defense
1 - 61% - 60% - 5:29
2 - 39% - 40% - 3:32
PK3 Forward
1 - 0% - 60%
2 - 0% - 40%
PK3 Defense
1 - 0% - 60%
2 - 0% - 40%
44 Forward
1 - 0% - 60%
2 - 0% - 40%
44 Defense
1 - 0% - 60%
2 - 0% - 40%
Last Minute Offensive  - 0:00
Last Minute Defensive  - 0:00
Total
Forward - 70:08
Defense - 70:08

Play-by-Play

1st period


0:01 of 1st period - Nicklas Backstrom wins face-off versus Patric Hornqvist in neutral zone.
0:54 of 1st period - Snap shot by Andrew Ladd.
0:54 of 1st period - Stopped by Carey Price with a rebound.
0:56 of 1st period - Snap shot by Pernell Karl Subban.
0:56 of 1st period - Shot Misses the Net.
1:31 of 1st period - Snap shot by Jordan Eberle.
1:31 of 1st period - Goal by Jordan Eberle - Avalanche : 0 - Blues : 1.
1:32 of 1st period - Nicklas Backstrom wins face-off versus Paul Stastny in neutral zone.
2:22 of 1st period - Mikkel Boedker is hit by Cody Ceci and loses puck.
2:29 of 1st period - Slapshot by Patric Hornqvist.
2:29 of 1st period - Stopped by Carey Price with a rebound.
3:29 of 1st period - Jack Johnson is hit by Travis Zajac and loses puck.
3:51 of 1st period - Snap shot by Andrew Ladd.
3:51 of 1st period - Stopped by Carey Price without a rebound.
3:52 of 1st period - Maxim Lapierre wins face-off versus Maxim Talbot in Blues zone.
3:52 of 1st period - Maxim Lapierre is hit by Andrew Ladd.
4:44 of 1st period - Snap shot by Alexander Radulov.
4:44 of 1st period - Deflect By Patric Hornqvist.
4:44 of 1st period - Stopped by Carey Price without a rebound.
4:45 of 1st period - Mikkel Boedker wins face-off versus Travis Zajac in Blues zone.
5:33 of 1st period - Snap shot by Bryan Little.
5:33 of 1st period - Shot Misses the Net.
5:40 of 1st period - Icing by Bryce Lampman.
5:41 of 1st period - Sergei Shirokov wins face-off versus Paul Stastny in Blues zone.
5:41 of 1st period - Sergei Shirokov is hit by Paul Stastny.
6:09 of 1st period - Backhand shot by David Perron.
6:09 of 1st period - Stopped by Semyon Varlamov with a rebound.
6:11 of 1st period - Slapshot by Bryce Lampman.
6:11 of 1st period - Stopped by Semyon Varlamov with a rebound.
6:36 of 1st period - Snap shot by Sergei Shirokov.
6:36 of 1st period - Stopped by Semyon Varlamov without a rebound.
6:37 of 1st period - Maxim Talbot wins face-off versus Nicklas Backstrom in Avalanche zone.
6:37 of 1st period - Maxim Talbot is hit by Jordan Eberle.
6:40 of 1st period - Minor Penalty to Dan Boyle for High sticking.
6:41 of 1st period - Nicklas Backstrom wins face-off versus Andrew Ladd in Avalanche zone.
6:47 of 1st period - Slapshot by Alex Pietrangelo.
6:47 of 1st period - Deflect By Jordan Eberle.
6:47 of 1st period - Goal by Jordan Eberle - Avalanche : 0 - Blues : 2.
6:48 of 1st period - Nicklas Backstrom wins face-off versus Maxim Talbot in neutral zone.
7:14 of 1st period - Bryan Little is hit by Jake Gardiner and loses puck.
7:22 of 1st period - Minor Penalty to Sam Gagner for Roughing.
7:23 of 1st period - Travis Zajac wins face-off versus Bryan Little in Blues zone.
8:53 of 1st period - Erik Karlsson is hit by Bryce Lampman and loses puck.
9:22 of 1st period - Penalty to Sam Gagner is over, Sam Gagner is back on ice.
9:31 of 1st period - Wrist shot by Maxim Lapierre.
9:31 of 1st period - Shot Misses the Net.
9:33 of 1st period - Slapshot by Bryce Lampman.
9:33 of 1st period - Stopped by Semyon Varlamov with a rebound.
9:35 of 1st period - Slapshot by Bryce Lampman.
9:35 of 1st period - Deflect By Maxim Lapierre.
9:35 of 1st period - Shot Misses the Net.
9:35 of 1st period - Puck is out of play.
9:36 of 1st period - Sam Gagner wins face-off versus Maxim Talbot in Avalanche zone.
9:47 of 1st period - Wrist shot by Sam Gagner.
9:47 of 1st period - Stopped by Semyon Varlamov with a rebound.
9:57 of 1st period - Dan Boyle is hit by Patrick Kaleta and loses puck.
10:38 of 1st period - Johnny Boychuk is hit by Patrick Kaleta.
10:42 of 1st period - Snap shot by Sam Gagner.
10:42 of 1st period - Stopped by Semyon Varlamov with a rebound.
10:54 of 1st period - Snap shot by Damien Brunner.
10:54 of 1st period - Stopped by Carey Price with a rebound.
10:56 of 1st period - Snap shot by Andrew Ladd.
10:56 of 1st period - Stopped by Carey Price with a rebound.
11:47 of 1st period - Snap shot by Dan Boyle.
11:47 of 1st period - Stopped by Carey Price with a rebound.
11:49 of 1st period - Snap shot by Andrew Ladd.
11:49 of 1st period - Shot Blocked by Patrick Kaleta.
12:09 of 1st period - Wrist shot by Andrew Ladd.
12:09 of 1st period - Shot Misses the Net.
13:04 of 1st period - Snap shot by Patrick Kaleta.
13:04 of 1st period - Shot Blocked by Johnny Boychuk.
13:10 of 1st period - Sam Gagner is hit by Andrew Ladd and loses puck.
13:23 of 1st period - Snap shot by Maxim Talbot.
13:23 of 1st period - Stopped by Carey Price without a rebound.
13:24 of 1st period - Jordan Eberle wins face-off versus Bryan Little in Blues zone.
13:24 of 1st period - Jordan Eberle is hit by Bryan Little.
14:20 of 1st period - Slapshot by Ted Purcell.
14:20 of 1st period - Stopped by Semyon Varlamov with a rebound.
14:22 of 1st period - Slapshot by Alex Pietrangelo.
14:22 of 1st period - Stopped by Semyon Varlamov with a rebound.
14:52 of 1st period - Andrei Kostitsyn is hit by Brandon Yip and loses puck.
14:59 of 1st period - Bryce Lampman is hit by Andrei Kostitsyn and loses puck.
15:23 of 1st period - Jack Johnson is hit by Jamie Benn and loses puck.
15:44 of 1st period - Slapshot by Erik Karlsson.
15:44 of 1st period - Shot Blocked by David Perron.
16:36 of 1st period - Minor Penalty to Patric Hornqvist for Holding.
16:37 of 1st period - Nicklas Backstrom wins face-off versus Kyle Turris in Avalanche zone.
18:28 of 1st period - Ville Leino is hit by Jake Gardiner and loses puck.
18:36 of 1st period - Penalty to Patric Hornqvist is over, Patric Hornqvist is back on ice.
18:56 of 1st period - Ted Purcell is hit by Andrei Kostitsyn and loses puck.
Goals for this period are 0 for Avalanche vs 2 for Blues.
Shots for this period are 8 for Avalanche vs 10 for Blues.

2nd period


0:01 of 2nd period - Bryan Little wins face-off versus Nicklas Backstrom in neutral zone.
0:29 of 2nd period - Slapshot by Marc Staal.
0:29 of 2nd period - Shot Blocked by Travis Zajac.
0:31 of 2nd period - Slapshot by Pernell Karl Subban.
0:31 of 2nd period - Stopped by Carey Price with a rebound.
0:35 of 2nd period - Wrist shot by Andrei Kostitsyn.
0:35 of 2nd period - Stopped by Carey Price without a rebound.
0:36 of 2nd period - Nicklas Backstrom wins face-off versus Paul Stastny in Blues zone.
0:36 of 2nd period - Jordan Eberle is hit by Alexander Radulov and loses puck.
1:03 of 2nd period - Erik Karlsson is hit by Travis Zajac.
1:29 of 2nd period - Chuck Kobasew is hit by Bryce Lampman and loses puck.
1:54 of 2nd period - Snap shot by Andrei Kostitsyn.
1:54 of 2nd period - Stopped by Carey Price without a rebound.
1:55 of 2nd period - Nicklas Backstrom wins face-off versus Bryan Little in Blues zone.
1:55 of 2nd period - Nicklas Backstrom is hit by Patric Hornqvist.
1:58 of 2nd period - Minor Penalty to Jordan Eberle for Hooking.
1:59 of 2nd period - Patric Hornqvist wins face-off versus Travis Zajac in Blues zone.
2:01 of 2nd period - Snap shot by Patric Hornqvist.
2:01 of 2nd period - Shot Misses the Net.
2:03 of 2nd period - Slapshot by Erik Karlsson.
2:03 of 2nd period - Deflect By Bryce Lampman.
2:03 of 2nd period - Stopped by Carey Price without a rebound.
2:04 of 2nd period - Travis Zajac wins face-off versus Bryan Little in Blues zone.
2:16 of 2nd period - Off-side.
2:17 of 2nd period - Patrick Kaleta wins face-off versus Bryan Little in neutral zone.
2:33 of 2nd period - Backhand shot by Mikkel Boedker.
2:33 of 2nd period - Stopped by Carey Price without a rebound.
2:34 of 2nd period - Bryan Little wins face-off versus Travis Zajac in Blues zone.
2:37 of 2nd period - Slapshot by Bryan Little.
2:37 of 2nd period - Stopped by Carey Price with a rebound.
2:48 of 2nd period - Off-side.
2:49 of 2nd period - Travis Zajac wins face-off versus Alexander Radulov in neutral zone.
3:04 of 2nd period - Patrick Kaleta is hit by Paul Stastny and loses puck.
3:58 of 2nd period - Penalty to Jordan Eberle is over, Jordan Eberle is back on ice.
4:18 of 2nd period - Snap shot by Sam Gagner.
4:18 of 2nd period - Shot Blocked by Andrew Ladd.
4:24 of 2nd period - Wrist shot by David Perron.
4:24 of 2nd period - Stopped by Semyon Varlamov with a rebound.
4:26 of 2nd period - Wrist shot by Jordan Eberle.
4:26 of 2nd period - Stopped by Semyon Varlamov with a rebound.
4:28 of 2nd period - Backhand shot by Jordan Eberle.
4:28 of 2nd period - Deflect By Damien Brunner.
4:28 of 2nd period - Shot Misses the Net.
4:28 of 2nd period - Puck is out of play.
4:29 of 2nd period - Maxim Lapierre wins face-off versus Bryan Little in Avalanche zone.
5:22 of 2nd period - Snap shot by Ville Leino.
5:22 of 2nd period - Stopped by Carey Price with a rebound.
5:36 of 2nd period - Wrist shot by Ted Purcell.
5:36 of 2nd period - Shot Misses the Net.
5:38 of 2nd period - Slapshot by Bryce Lampman.
5:38 of 2nd period - Shot Misses the Net.
5:40 of 2nd period - Snap shot by Brandon Yip.
5:40 of 2nd period - Stopped by Semyon Varlamov with a rebound.
5:42 of 2nd period - Slapshot by Bryce Lampman.
5:42 of 2nd period - Shot Blocked by Johnny Boychuk.
5:54 of 2nd period - Johnny Boychuk is hit by Jordan Eberle and loses puck.
6:19 of 2nd period - Wrist shot by Andrei Kostitsyn.
6:19 of 2nd period - Stopped by Carey Price with a rebound.
6:21 of 2nd period - Snap shot by Andrei Kostitsyn.
6:21 of 2nd period - Shot Misses the Net.
6:23 of 2nd period - Slapshot by Alexander Radulov.
6:23 of 2nd period - Shot Misses the Net.
6:43 of 2nd period - Nicklas Backstrom is hit by Andrew Ladd.
6:53 of 2nd period - Kyle Turris is hit by Patrick Kaleta and loses puck.
7:00 of 2nd period - Slapshot by Marc Staal.
7:00 of 2nd period - Stopped by Carey Price without a rebound.
7:01 of 2nd period - Travis Zajac wins face-off versus Bryan Little in Blues zone.
7:12 of 2nd period - Wrist shot by David Perron.
7:12 of 2nd period - Goal by David Perron - Avalanche : 0 - Blues : 3.
7:13 of 2nd period - Nicklas Backstrom wins face-off versus Bryan Little in neutral zone.
7:16 of 2nd period - Patric Hornqvist is hit by Jordan Eberle and loses puck.
7:39 of 2nd period - Erik Karlsson is hit by Alex Pietrangelo and loses puck.
7:46 of 2nd period - Jake Gardiner is hit by Pernell Karl Subban and loses puck.
8:01 of 2nd period - Pernell Karl Subban is hit by Alex Pietrangelo and loses puck.
8:17 of 2nd period - David Perron is hit by Pernell Karl Subban and loses puck.
8:29 of 2nd period - Minor Penalty to Dan Boyle for Holding.
8:30 of 2nd period - Andrew Ladd wins face-off versus Nicklas Backstrom in Avalanche zone.
9:09 of 2nd period - Snap shot by Sergei Shirokov.
9:09 of 2nd period - Stopped by Semyon Varlamov with a rebound.
10:29 of 2nd period - Penalty to Dan Boyle is over, Dan Boyle is back on ice.
10:49 of 2nd period - Slapshot by Alex Pietrangelo.
10:49 of 2nd period - Stopped by Semyon Varlamov without a rebound.
10:50 of 2nd period - Maxim Lapierre wins face-off versus Paul Stastny in Avalanche zone.
12:34 of 2nd period - Yann Sauvé is hit by Paul Stastny and loses puck.
12:39 of 2nd period - Slapshot by Jack Johnson.
12:39 of 2nd period - Stopped by Carey Price without a rebound.
12:40 of 2nd period - Sergei Shirokov wins face-off versus Bryan Little in Blues zone.
12:53 of 2nd period - Snap shot by Mikkel Boedker.
12:53 of 2nd period - Stopped by Carey Price without a rebound.
12:54 of 2nd period - Bryan Little wins face-off versus Nicklas Backstrom in Blues zone.
13:01 of 2nd period - Wrist shot by Mikkel Boedker.
13:01 of 2nd period - Shot Misses the Net.
13:03 of 2nd period - Snap shot by Bryan Little.
13:03 of 2nd period - Shot Misses the Net.
13:05 of 2nd period - Slapshot by Pernell Karl Subban.
13:05 of 2nd period - Shot Misses the Net.
13:07 of 2nd period - Slapshot by Marc Staal.
13:07 of 2nd period - Shot Blocked by Jake Gardiner.
13:09 of 2nd period - Slapshot by Marc Staal.
13:09 of 2nd period - Stopped by Carey Price with a rebound.
13:11 of 2nd period - Snap shot by Bryan Little.
13:11 of 2nd period - Shot Misses the Net.
13:21 of 2nd period - Marc Staal is hit by Travis Zajac and loses puck.
13:30 of 2nd period - David Perron is hit by Alexander Radulov and loses puck.
13:47 of 2nd period - Chuck Kobasew is hit by Yann Sauvé and loses puck.
14:08 of 2nd period - Snap shot by Andrew Ladd.
14:08 of 2nd period - Deflect By Damien Brunner.
14:08 of 2nd period - Shot Blocked by Jamie Benn.
14:08 of 2nd period - Puck is out of play.
14:09 of 2nd period - Nicklas Backstrom wins face-off versus Bryan Little in Blues zone.
14:16 of 2nd period - Wrist shot by Nicklas Backstrom.
14:16 of 2nd period - Shot Blocked by Jack Johnson.
15:01 of 2nd period - Snap shot by Mikkel Boedker.
15:01 of 2nd period - Shot Misses the Net.
15:03 of 2nd period - Snap shot by Mikkel Boedker.
15:03 of 2nd period - Stopped by Carey Price without a rebound.
15:04 of 2nd period - Paul Stastny wins face-off versus Travis Zajac in Blues zone.
15:12 of 2nd period - Minor Penalty to Yann Sauvé for Tripping.
15:13 of 2nd period - Travis Zajac wins face-off versus Paul Stastny in Blues zone.
15:37 of 2nd period - Patrick Kaleta is hit by Bryan Little and loses puck.
17:12 of 2nd period - Penalty to Yann Sauvé is over, Yann Sauvé is back on ice.
17:36 of 2nd period - Icing by Damien Brunner.
17:37 of 2nd period - Maxim Talbot wins face-off versus Travis Zajac in Avalanche zone.
18:16 of 2nd period - Jake Gardiner is hit by Jack Johnson and loses puck.
19:28 of 2nd period - Snap shot by Maxim Talbot.
19:28 of 2nd period - Shot Blocked by Jamie Benn.
19:30 of 2nd period - Wrist shot by Andrew Ladd.
19:30 of 2nd period - Shot Blocked by Nick Leddy.
19:32 of 2nd period - Snap shot by Damien Brunner.
19:32 of 2nd period - Goal by Damien Brunner - Avalanche : 1 - Blues : 3.
19:33 of 2nd period - Bryan Little wins face-off versus Nicklas Backstrom in neutral zone.
19:36 of 2nd period - Wrist shot by Bryan Little.
19:36 of 2nd period - Shot Misses the Net.
19:38 of 2nd period - Snap shot by Mikkel Boedker.
19:38 of 2nd period - Stopped by Carey Price without a rebound.
19:39 of 2nd period - Nicklas Backstrom wins face-off versus Mikkel Boedker in Blues zone.
19:50 of 2nd period - Wrist shot by Mikkel Boedker.
19:50 of 2nd period - Stopped by Carey Price with a rebound.
19:52 of 2nd period - Snap shot by Patric Hornqvist.
19:52 of 2nd period - Shot Misses the Net.
Goals for this period are 1 for Avalanche vs 1 for Blues.
Shots for this period are 16 for Avalanche vs 6 for Blues.

3rd period


0:01 of 3rd period - Nicklas Backstrom wins face-off versus Paul Stastny in neutral zone.
0:26 of 3rd period - David Perron is hit by Patric Hornqvist and loses puck.
1:50 of 3rd period - Patric Hornqvist is hit by Sergei Shirokov and loses puck.
2:11 of 3rd period - David Perron is hit by Maxim Talbot and loses puck.
2:22 of 3rd period - Maxim Talbot is hit by Sergei Shirokov and loses puck.
2:29 of 3rd period - Slapshot by Travis Zajac.
2:29 of 3rd period - Stopped by Semyon Varlamov without a rebound.
2:30 of 3rd period - Paul Stastny wins face-off versus Nicklas Backstrom in Avalanche zone.
3:30 of 3rd period - Snap shot by Maxim Talbot.
3:30 of 3rd period - Shot Misses the Net.
3:48 of 3rd period - Slapshot by Alex Pietrangelo.
3:48 of 3rd period - Stopped by Semyon Varlamov without a rebound.
3:49 of 3rd period - Travis Zajac wins face-off versus Paul Stastny in Avalanche zone.
3:55 of 3rd period - Minor Penalty to Alexander Radulov for Tripping.
3:56 of 3rd period - Andrew Ladd wins face-off versus Nicklas Backstrom in Avalanche zone.
4:18 of 3rd period - Pernell Karl Subban is hit by David Perron and loses puck.
4:53 of 3rd period - Jack Johnson is hit by Sam Gagner and loses puck.
5:14 of 3rd period - Wrist shot by Sam Gagner.
5:14 of 3rd period - Deflect By Sergei Shirokov.
5:14 of 3rd period - Shot Blocked by Pernell Karl Subban.
5:14 of 3rd period - Puck is out of play.
5:15 of 3rd period - Andrew Ladd wins face-off versus David Perron in Avalanche zone.
5:15 of 3rd period - Andrew Ladd is hit by Bryce Lampman.
5:55 of 3rd period - Penalty to Alexander Radulov is over, Alexander Radulov is back on ice.
6:24 of 3rd period - Wrist shot by Maxim Talbot.
6:24 of 3rd period - Stopped by Carey Price without a rebound.
6:25 of 3rd period - Nicklas Backstrom wins face-off versus Alexander Radulov in Blues zone.
6:25 of 3rd period - Nicklas Backstrom is hit by Andrei Kostitsyn.
7:03 of 3rd period - Minor Penalty to Sam Gagner for Boarding.
7:04 of 3rd period - Bryan Little wins face-off versus Travis Zajac in Blues zone.
7:09 of 3rd period - Snap shot by Mikkel Boedker.
7:09 of 3rd period - Stopped by Carey Price with a rebound.
7:11 of 3rd period - Slapshot by Patric Hornqvist.
7:11 of 3rd period - Shot Misses the Net.
7:17 of 3rd period - Snap shot by Mikkel Boedker.
7:17 of 3rd period - Stopped by Carey Price with a rebound.
7:19 of 3rd period - Slapshot by Erik Karlsson.
7:19 of 3rd period - Deflect By Mikkel Boedker.
7:19 of 3rd period - Stopped by Carey Price with a rebound.
7:21 of 3rd period - Slapshot by Erik Karlsson.
7:21 of 3rd period - Deflect By Mikkel Boedker.
7:21 of 3rd period - Goal by Mikkel Boedker - Avalanche : 2 - Blues : 3.
7:22 of 3rd period - Bryan Little wins face-off versus Jamie Benn in neutral zone.
7:24 of 3rd period - Off-side.
7:25 of 3rd period - Nicklas Backstrom wins face-off versus Bryan Little in neutral zone.
7:32 of 3rd period - Wrist shot by Jordan Eberle.
7:32 of 3rd period - Stopped by Semyon Varlamov without a rebound.
7:33 of 3rd period - Nicklas Backstrom wins face-off versus Bryan Little in Avalanche zone.
7:40 of 3rd period - Slapshot by Alex Pietrangelo.
7:40 of 3rd period - Stopped by Semyon Varlamov with a rebound.
7:42 of 3rd period - Slapshot by Alex Pietrangelo.
7:42 of 3rd period - Stopped by Semyon Varlamov without a rebound.
7:43 of 3rd period - Bryan Little wins face-off versus Nicklas Backstrom in Avalanche zone.
7:52 of 3rd period - Slapshot by Alex Pietrangelo.
7:52 of 3rd period - Stopped by Semyon Varlamov without a rebound.
7:53 of 3rd period - Nicklas Backstrom wins face-off versus Bryan Little in Avalanche zone.
7:58 of 3rd period - Snap shot by Nicklas Backstrom.
7:58 of 3rd period - Stopped by Semyon Varlamov with a rebound.
8:04 of 3rd period - Wrist shot by Nicklas Backstrom.
8:04 of 3rd period - Stopped by Semyon Varlamov without a rebound.
8:05 of 3rd period - Nicklas Backstrom wins face-off versus Bryan Little in Avalanche zone.
8:11 of 3rd period - Icing by Mikkel Boedker.
8:12 of 3rd period - Mikkel Boedker wins face-off versus Jordan Eberle in Avalanche zone.
8:19 of 3rd period - Slapshot by Jack Johnson.
8:19 of 3rd period - Shot Blocked by Jake Gardiner.
8:21 of 3rd period - Slapshot by Erik Karlsson.
8:21 of 3rd period - Deflect By Mikkel Boedker.
8:21 of 3rd period - Stopped by Carey Price without a rebound.
8:22 of 3rd period - Nicklas Backstrom wins face-off versus Bryan Little in Blues zone.
8:49 of 3rd period - Pernell Karl Subban is hit by David Perron and loses puck.
8:55 of 3rd period - Marc Staal is hit by David Perron and loses puck.
9:11 of 3rd period - Icing by Dan Boyle.
9:12 of 3rd period - Patrick Kaleta wins face-off versus Andrew Ladd in Avalanche zone.
9:17 of 3rd period - Slapshot by Sam Gagner.
9:17 of 3rd period - Shot Misses the Net.
9:25 of 3rd period - Slapshot by Sam Gagner.
9:25 of 3rd period - Stopped by Semyon Varlamov with a rebound.
9:47 of 3rd period - Snap shot by Maxim Talbot.
9:47 of 3rd period - Goal by Maxim Talbot - Avalanche : 3 - Blues : 3.
9:48 of 3rd period - Nicklas Backstrom wins face-off versus Bryan Little in neutral zone.
9:59 of 3rd period - Snap shot by Bryan Little.
9:59 of 3rd period - Stopped by Carey Price with a rebound.
10:03 of 3rd period - Snap shot by Mikkel Boedker.
10:03 of 3rd period - Stopped by Carey Price without a rebound.
10:04 of 3rd period - Travis Zajac wins face-off versus Paul Stastny in Blues zone.
10:04 of 3rd period - Sergei Shirokov is hit by Paul Stastny and loses puck.
11:38 of 3rd period - Snap shot by David Perron.
11:38 of 3rd period - Stopped by Semyon Varlamov without a rebound.
11:39 of 3rd period - Travis Zajac wins face-off versus Bryan Little in Avalanche zone.
11:39 of 3rd period - Travis Zajac is hit by Jack Johnson.
11:54 of 3rd period - Off-side.
11:55 of 3rd period - Nicklas Backstrom wins face-off versus Paul Stastny in neutral zone.
12:02 of 3rd period - Snap shot by Jordan Eberle.
12:02 of 3rd period - Shot Misses the Net.
12:04 of 3rd period - Slapshot by Nick Leddy.
12:04 of 3rd period - Shot Blocked by Marc Staal.
12:22 of 3rd period - Cody Ceci is hit by Bryan Little and loses puck.
12:42 of 3rd period - Mikkel Boedker is hit by Patrick Kaleta and loses puck.
13:15 of 3rd period - Minor Penalty to Maxim Talbot for Hooking.
13:16 of 3rd period - Nicklas Backstrom wins face-off versus Andrew Ladd in Avalanche zone.
15:07 of 3rd period - Jack Johnson is hit by Filip Forsberg and loses puck.
15:15 of 3rd period - Penalty to Maxim Talbot is over, Maxim Talbot is back on ice.
15:38 of 3rd period - Bryan Little is hit by Ted Purcell and loses puck.
16:37 of 3rd period - Maxim Talbot is hit by Patrick Kaleta and loses puck.
16:42 of 3rd period - Snap shot by Travis Zajac.
16:42 of 3rd period - Shot Blocked by Marc Staal.
16:42 of 3rd period - Marc Staal from Avalanche is injured at 16:42 of 3rd period (Left Leg).
16:43 of 3rd period - Maxim Talbot wins face-off versus Sam Gagner in Avalanche zone.
17:18 of 3rd period - Slapshot by Nicklas Backstrom.
17:18 of 3rd period - Goal by Nicklas Backstrom - Avalanche : 3 - Blues : 4.
17:19 of 3rd period - Sam Gagner wins face-off versus Maxim Talbot in neutral zone.
17:55 of 3rd period - Snap shot by Nicklas Backstrom.
17:55 of 3rd period - Shot Misses the Net.
18:04 of 3rd period - Icing by Kyle Turris.
18:05 of 3rd period - Bryan Little wins face-off versus Travis Zajac in Avalanche zone.
18:20 of 3rd period - Slapshot by Bryan Little.
18:20 of 3rd period - Shot Misses the Net.
18:36 of 3rd period - Patrick Kaleta is hit by Andrew Ladd and loses puck.
18:44 of 3rd period - Minor Penalty to Sam Gagner for Hooking.
18:45 of 3rd period - Bryan Little wins face-off versus Travis Zajac in Blues zone.
18:45 of 3rd period - Avalanche, Semyon Varlamov is pulled from the net.
18:57 of 3rd period - Wrist shot by Patric Hornqvist.
18:57 of 3rd period - Deflect By Travis Zajac.
18:57 of 3rd period - Shot Misses the Net.
18:57 of 3rd period - Puck is out of play.
18:58 of 3rd period - Ted Nolan call a timeout for Avalanche.
18:58 of 3rd period - Travis Zajac wins face-off versus Bryan Little in Blues zone.
19:31 of 3rd period - Wrist shot by Alexander Radulov.
19:31 of 3rd period - Goal by Alexander Radulov - Avalanche : 4 - Blues : 4.
19:31 of 3rd period - Semyon Varlamov from Avalanche was sent back in the game.
19:32 of 3rd period - Sam Gagner wins face-off versus Maxim Talbot in neutral zone.
19:35 of 3rd period - Dan Boyle is hit by Jake Gardiner and loses puck.
19:48 of 3rd period - Snap shot by Damien Brunner.
19:48 of 3rd period - Shot Misses the Net.
19:58 of 3rd period - Johnny Boychuk is hit by Sergei Shirokov.
Goals for this period are 3 for Avalanche vs 1 for Blues.
Shots for this period are 10 for Avalanche vs 11 for Blues.

Overtime #1


0:01 of 1st overtime period - Nicklas Backstrom wins face-off versus Paul Stastny in neutral zone.
0:04 of 1st overtime period - Slapshot by Alex Pietrangelo.
0:04 of 1st overtime period - Shot Blocked by Pernell Karl Subban.
0:12 of 1st overtime period - Paul Stastny is hit by Jamie Benn and loses puck.
0:49 of 1st overtime period - Wrist shot by Damien Brunner.
0:49 of 1st overtime period - Shot Misses the Net.
0:56 of 1st overtime period - Minor Penalty to Maxim Talbot for Holding.
0:57 of 1st overtime period - Nicklas Backstrom wins face-off versus Andrew Ladd in Avalanche zone.
1:34 of 1st overtime period - Wrist shot by Alex Pietrangelo.
1:34 of 1st overtime period - Stopped by Semyon Varlamov without a rebound.
1:35 of 1st overtime period - Andrew Ladd wins face-off versus Nicklas Backstrom in Avalanche zone.
1:44 of 1st overtime period - Slapshot by Jordan Eberle.
1:44 of 1st overtime period - Shot Misses the Net.
2:56 of 1st overtime period - Penalty to Maxim Talbot is over, Maxim Talbot is back on ice.
3:08 of 1st overtime period - Slapshot by Maxim Lapierre.
3:08 of 1st overtime period - Stopped by Semyon Varlamov with a rebound.
3:44 of 1st overtime period - Andrei Kostitsyn is hit by Yann Sauvé.
4:26 of 1st overtime period - Minor Penalty to Filip Forsberg for Hooking.
4:27 of 1st overtime period - Travis Zajac wins face-off versus Bryan Little in Blues zone.
4:27 of 1st overtime period - Travis Zajac is hit by Bryan Little.
4:39 of 1st overtime period - Snap shot by Jordan Eberle.
4:39 of 1st overtime period - Stopped by Semyon Varlamov with a rebound.
4:41 of 1st overtime period - Slapshot by Jake Gardiner.
4:41 of 1st overtime period - Shot Blocked by Erik Karlsson.
4:56 of 1st overtime period - Wrist shot by Paul Stastny.
4:56 of 1st overtime period - Stopped by Carey Price without a rebound.
4:57 of 1st overtime period - Paul Stastny wins face-off versus Maxim Lapierre in Blues zone.
5:31 of 1st overtime period - Patrick Kaleta is hit by Dan Boyle and loses puck.
6:26 of 1st overtime period - Penalty to Filip Forsberg is over, Filip Forsberg is back on ice.
7:12 of 1st overtime period - Snap shot by Jamie Benn.
7:12 of 1st overtime period - Deflect By Nicklas Backstrom.
7:12 of 1st overtime period - Stopped by Semyon Varlamov without a rebound.
7:13 of 1st overtime period - Kyle Turris wins face-off versus Nicklas Backstrom in Avalanche zone.
7:13 of 1st overtime period - Kyle Turris is hit by Jordan Eberle.
7:25 of 1st overtime period - Wrist shot by Alex Pietrangelo.
7:25 of 1st overtime period - Shot Blocked by Jack Johnson.
7:52 of 1st overtime period - Minor Penalty to Erik Karlsson for Hooking.
7:53 of 1st overtime period - Andrew Ladd wins face-off versus Nicklas Backstrom in Avalanche zone.
7:53 of 1st overtime period - Andrew Ladd is hit by Nicklas Backstrom.
8:53 of 1st overtime period - Slapshot by Alex Pietrangelo.
8:53 of 1st overtime period - Deflect By Maxim Talbot.
8:53 of 1st overtime period - Stopped by Semyon Varlamov with a rebound.
8:55 of 1st overtime period - Wrist shot by Sergei Shirokov.
8:55 of 1st overtime period - Stopped by Semyon Varlamov with a rebound.
8:57 of 1st overtime period - Snap shot by Jake Gardiner.
8:57 of 1st overtime period - Shot Blocked by Dan Boyle.
8:59 of 1st overtime period - Slapshot by Jake Gardiner.
8:59 of 1st overtime period - Shot Blocked by Dan Boyle.
9:01 of 1st overtime period - Snap shot by Filip Forsberg.
9:01 of 1st overtime period - Shot Blocked by Dan Boyle.
9:03 of 1st overtime period - Slapshot by Jake Gardiner.
9:03 of 1st overtime period - Stopped by Semyon Varlamov with a rebound.
9:05 of 1st overtime period - Snap shot by Jake Gardiner.
9:05 of 1st overtime period - Stopped by Semyon Varlamov without a rebound.
9:06 of 1st overtime period - Nicklas Backstrom wins face-off versus Andrew Ladd in Avalanche zone.
9:23 of 1st overtime period - Snap shot by David Perron.
9:23 of 1st overtime period - Stopped by Semyon Varlamov with a rebound.
9:35 of 1st overtime period - Icing by David Perron.
9:36 of 1st overtime period - Bryan Little wins face-off versus Nicklas Backstrom in Blues zone.
9:49 of 1st overtime period - Andrew Ladd is hit by Jordan Eberle and loses puck.
9:52 of 1st overtime period - Penalty to Erik Karlsson is over, Erik Karlsson is back on ice.
10:08 of 1st overtime period - Snap shot by Jordan Eberle.
10:08 of 1st overtime period - Goal by Jordan Eberle - Avalanche : 4 - Blues : 5.
Goals for this period are 0 for Avalanche vs 1 for Blues.
Shots for this period are 1 for Avalanche vs 10 for Blues.